 Dungeon Crawl Stone Soup version 0.20.1-1-g8b1a95d (webtiles) character file.

156 jmlagarto the Shield-Bearer (level 5, -2/49 HPs)
             Began as a Deep Dwarf Fighter on Aug 13, 2017.
             Succumbed to a killer bee's poison
             ... on level 3 of the Dungeon.
             The game lasted 00:09:10 (2414 turns).

jmlagarto the Shield-Bearer (Deep Dwarf Fighter)    Turns: 2414, Time: 00:09:10

Health: -2/49      AC:  8    Str: 21    XL:     5   Next: 14%
Magic:  1/1        EV:  7    Int:  8    God:
Gold:   157        SH:  9    Dex: 12    Spells: 4/4 levels left

rFire    . . .     SeeInvis .   a - +0 war axe
rCold    . . .     Gourm    .   c - +0 shield
rNeg     . . .     Faith    .   r - +0 scale mail
rPois    .         Spirit   .   (no helmet)
rElec    .         Reflect  .   o - +0 cloak
rCorr    .         Harm     .   (no gloves)
MR       .....                  (no boots)
Stlth    ..........             (no amulet)
Regen    0.0/turn               (no ring)
MPRegen  0.1/turn               (no ring)

@: lethally poisoned (-2 -> -23), non-regenerating
A: damage resistance, heal wounds, sense surroundings 1, no regeneration
a: Heal Wounds


You were on level 3 of the Dungeon.
You were full.

You visited 1 branch of the dungeon, and saw 3 of its levels.

You collected 157 gold pieces.

Inventory:

Hand Weapons
 a - a +0 war axe (weapon)
Armour
 b - a +0 scale mail
 c - a +0 shield (worn)
 o - a +0 cloak (worn)
 r - a +0 scale mail (worn)
Jewellery
 n - a +1 ring of slaying {unknown}
Wands
 i - a wand of flame (27/48)
Scrolls
 p - a scroll of fog {unknown}
 s - a scroll of recharging {unknown}
 t - a scroll of identify
Potions
 d - a potion of might
 e - a potion of berserk rage {unknown}
 h - a potion of lignification {unknown}
 j - 2 potions of curing {unknown}
 k - a potion of heal wounds {unknown}
 l - a potion of brilliance {unknown}
 q - 2 potions of degeneration {unknown}
Comestibles
 f - 4 chunks of flesh
 g - 4 royal jellies
 m - a bread ration


   Skills:
 + Level 3.2 Fighting
 + Level 4.0 Axes
 + Level 3.9 Armour
 + Level 0.4 Dodging
 + Level 0.6 Stealth
 + Level 4.3 Shields


You had 4 spell levels left.
You didn't know any spells.

Dungeon Overview and Level Annotations

Branches:
Dungeon (3/15)

Altars:


Innate Abilities, Weirdness & Mutations

You are resistant to damage.
You can heal yourself by infusing magical energy.
You passively map a small area around you.
You do not regenerate.


Message History

You are lethally poisoned!
The killer bee poisons you!
You miss the killer bee.
The killer bee is heavily wounded.
You closely miss the killer bee.
* * * LOW HITPOINT WARNING * * *
You feel very sick. The killer bee stings you.
You are more poisoned.
The killer bee poisons you! The killer bee stings you.
* * * LOW HITPOINT WARNING * * *
You block the killer bee's attack. The killer bee closely misses you.
The killer bee stings you but does no damage.
The killer bee barely misses you.
* * * LOW HITPOINT WARNING * * *
You feel very sick. You block the killer bee's attack.
* * * LOW HITPOINT WARNING * * *
You feel very sick.
You die...

#.....### #####
#.......,* * #.$..>#
#.....#** #.....#
.######## #.# * *
......... #y###
######..
#y..###########.....
##.@....>..#........
#.............#####
#.............#
#.........#..##
#..>........##
#.........###
####.#..### ##.#.##
#....# ########


You could see 2 killer bees.

Vanquished Creatures
  5 adders
  3 gnolls
  An ooze (D:1)
  3 worms
  2 dart slugs
  3 leopard geckos (D:1)
  A ball python (D:2)
  4 giant cockroaches
  2 hobgoblins
  7 jackals
  A quokka (D:2)
  8 bats
  7 frilled lizards
  4 goblins
  7 kobolds
  9 rats
67 creatures vanquished.

Notes
Turn   | Place    | Note
-------+----------+-------------------------------------------
     0 | D:1      | jmlagarto the Deep Dwarf Fighter began the quest for the Orb.
     0 | D:1      | Reached XP level 1. HP: 20/20 MP: 1/1
    75 | D:1      | Reached XP level 2. HP: 27/27 MP: 2/2
   405 | D:1      | Reached XP level 3. HP: 30/34 MP: 3/3
  1531 | D:2      | Reached XP level 4. HP: 17/42 MP: 3/3
  2180 | D:3      | Reached XP level 5. HP: 42/49 MP: 2/2
  2413 | D:3      | HP: 1/49 [poisoned by a killer bee]
  2414 | D:3      | Succumbed to a killer bee's poison

Skill      XL: |  1  2  3  4  5 |
---------------+----------------+-----
Fighting       | 3 |  3.2
Axes           | 3 4 |  4.0
Shields        | 4 |  4.3
Armour         | |  3.9
Dodging        | |  0.4
Stealth        | |  0.6

Action                   |  1- 3 |  4- 6 || total
-------------------------+-------+-------++-------
Melee: War axe           |    87 |    91 ||   178
 Abil: Heal Wounds       |     1 |     3 ||     4
  Use: Scroll            |       |     4 ||     4
  Eat: Meat ration       |     1 |       ||     1
       Bread ration      |     1 |       ||     1
Armor: Scale mail        |    43 |    52 ||    95
Dodge: Dodged            |    35 |    32 ||    67
Block: Shield            |    75 |    63 ||   138
